 Dungeon Crawl Stone Soup version 0.30-a0-918-g0ff054e9dc (webtiles) character file.

Game seed: 12795138178001048909

24 qeuew the Sneak (level 2, -5/13 HPs)
             Began as a Spriggan Enchanter on Mar 20, 2023.
             Slain by Sigmund
             ... wielding a +0 scythe
              (10 damage)
             ... on level 2 of the Dungeon.
             The game lasted 00:01:57 (1171 turns).

qeuew the Sneak (Spriggan Enchanter)                Turns: 1171, Time: 00:01:58

Health: -5/13      AC:  2    Str:  4    XL:     2   Next: 79%
Magic:  0/7        EV: 17    Int: 16    God:
Gold:   129        SH:  0    Dex: 15    Spells: 5/7 levels left

rFire   . . .      SeeInvis +    a - +2 dagger
rCold   . . .      Faith    .    (no shield)
rNeg    . . .      Spirit   .    b - +0 robe
rPois   .          Reflect  .    (helmet restricted)
rElec   .          Rampage  .    (no cloak)
rCorr   .                        (gloves unavailable)
Will    .....                    (boots unavailable)
Stlth   +++                      (no amulet)
HPRegen 0.22/turn                (no ring)
MPRegen 0.10/turn                (no ring)

@: invisible, very quick
A: very small, no large weapons, unfitting armour, see invisible, speed 3
a: no special abilities


You were on level 2 of the Dungeon.
You visited 1 branch of the dungeon, and saw 2 of its levels.

You collected 129 gold pieces.

Inventory:

Hand Weapons
 a - a +2 dagger (weapon)
Armour
 b - a +0 robe (worn)
Jewellery
 d - a +5 ring of evasion
 e - an amulet of reflection
Potions
 c - a potion of invisibility


   Skills:
 + Level 1.6 Short Blades
 + Level 3.0 Dodging
 * Level 5.0 Stealth
 + Level 3.0 Spellcasting
 + Level 4.0 Hexes


You had 5 spell levels left.
You knew the following spells:

 Your Spells              Type           Power      Damage    Failure   Level
a - Ensorcelled Hibernat  Hex/Ice        16%        N/A       12%         2

Your spell library contained the following spells:

 Spells                   Type           Power      Damage    Failure   Level
 Confusing Touch          Hex            15%        N/A       11%         3
 Tukima's Dance           Hex            15%        N/A       11%         3
 Dazzling Flash           Conj/Hex       16%        N/A       24%         3


Dungeon Overview and Level Annotations

Branches:
Dungeon (2/15)

Altars:

Annotations:
D:2 Sigmund


Innate Abilities, Weirdness & Mutations

You are very small and have problems with some larger weapons.
You are too small for most types of armour.
You have supernaturally acute eyesight. (SInv)
You cover ground extremely quickly. (Speed+++)


Message History

Aim: Sigmund, wielding a +0 scythe and wearing a +0 robe (chance to affect: 50%)
You miscast Ensorcelled Hibernation.
You are very lightly contaminated with residual magic.
Nothing appears to happen.
Sigmund closely misses you.
You don't have enough magic to cast this spell.
Unknown command.
You feel better. Sigmund casts a spell at you.
You are confused.
Unknown command.
Sigmund closely misses you.
Sigmund hits you from afar with a +0 scythe.
You feel less confused.
Your magical contamination has completely faded away.
Aiming: Ensorcelled Hibernation (safe; 12% risk of failure)
Press: ? - help, Q - select action Shift-Dir - straight line, f/p - Sigmund
Aim: Sigmund, wielding a +0 scythe and wearing a +0 robe (chance to affect: 50%) Sigmund resists with some effort.
Sigmund barely misses you.
You fade into invisibility!
Sigmund hits you with a +0 scythe.
Unknown command.
You barely miss Sigmund. You hit Sigmund but do no damage.
Sigmund points at you and mumbles some strange words.
You resist with some effort.
You barely miss Sigmund. Sigmund hits you but does no damage.
You hit Sigmund. You punch Sigmund.
Sigmund is moderately wounded.
Sigmund gestures at you while chanting. You resist with some effort.
You strike the helpless Sigmund from behind!
You puncture Sigmund!
Sigmund is severely wounded.
You closely miss Sigmund.
Sigmund is severely wounded.
Sigmund hits you with a +0 scythe!
Ouch! That really hurt!
You die...

.......................
#######.#.#############
#.#.............#
###.#############.#
#............#.....
#.......$....#.....
#............#.....
#.@..........#.....
#.@................
#..................
#..................
#############.##### #.


You could see Sigmund (unable to see you).

Vanquished Creatures
  2 ball pythons (D:1)
  3 endoplasms
  A giant cockroach (D:2)
  2 goblins
  3 hobgoblins (D:1)
  2 quokkas
  A bat (D:1)
  2 frilled lizards (D:1)
  2 kobolds
  5 rats
23 creatures vanquished.

Notes
Turn   | Place    | Note
-------+----------+-------------------------------------------
     0 | D:1      | qeuew the Spriggan Enchanter began the quest for the Orb.
     0 | D:1      | Reached XP level 1. HP: 9/9 MP: 5/5
   378 | D:1      | Reached XP level 2. HP: 13/13 MP: 6/6
   381 | D:1      | Learned a level 2 spell: Ensorcelled Hibernation
  1091 | D:2      | Reached skill level 5 in Stealth
  1144 | D:2      | Noticed Sigmund
  1171 | D:2      | Slain by Sigmund

Illustrated notes

Levels and vault maps discovered:
D:1:      heliophobic_arrival_dark_side_of_the_moon, layout_loops_ring,
          serial_bayou_pond_c
D:2:      layout_basic, uniq_sigmund

Skill      XL: |  1  2 |
---------------+-------+-----
Hexes          | 4 |  4.0
Spellcasting   | 3 |  3.0
Dodging        | 3 |  3.0
Stealth        | 5 |  5.0
Short Blades   | |  1.6

Action                     || total
---------------------------++-------
  Melee: Dagger            ||    66
         Punch             ||     1
   Cast: Ensorcelled Hiber ||     4
    Use: Scroll            ||     4
         Potion            ||     4
   Stab: Sleeping          ||     7
         Invisible         ||     1
 Armour: Robe              ||     4
  Dodge: Dodged            ||    38

Table legend: (Time is in decaauts)
 A = Elapsed time spent in this place.
 B = Non-inter-level travel time spent in this place.
 C = Inter-level travel time spent in this place.
 D = Time resting spent in this place.
 E = Time spent auto-exploring this place.
 F = Levels seen in this place.
 G = Mean time per level.
                   A        B        C        D        E       F      G
               +--------+--------+--------+--------+--------+-----+--------+
         Total |    789 |    783 |      6 |      0 |    633 |   2 |  394.5 |
       Dungeon |    789 |    783 |      6 |      0 |    633 |   2 |  394.5 |
               +--------+--------+--------+--------+--------+-----+--------+

Top non-repeatable levels by time:
     D:1: 490 daAuts
     D:2: 299 daAuts
